 Dungeon Crawl Stone Soup version 0.31-a0-210-gccc998df9b (webtiles) character file.

Game seed: 14997070687292460652

9629 qw the Blocker (level 11, -3/67 HPs)
             Began as a Gargoyle Fighter on June 30, 2023.
             Slain by a death yak (19 damage)
             ... on level 10 of the Dungeon.
             The game lasted 00:04:55 (8851 turns).

qw the Blocker (Gargoyle Fighter)                   Turns: 8851, Time: 00:04:56

Health: -3/67      AC: 25    Str: 24    XL:     11   Next: 49%
Magic:  11/11      EV:  5    Int: 12    God:
Gold:   537        SH: 16    Dex:  9    Spells: 10/10 levels left

rFire   . . .        a - +3 broad axe of Xaiptieb {heavy, SInv}
rCold   . . .        m - +0 tower shield
rNeg    + . .        j - +0 plate armour
rPois   inf          p - +2 hat
rElec   +            (no cloak)
rCorr   +            c - +2 pair of gloves
SInv    +            (no boots)
Will    +....        t - amulet of the acrobat Stlth
                     b - ring of Qofet {Contam Will+ rCorr Int+3}
HPRegen 0.31/turn    (no ring)
MPRegen 0.12/turn

%: acrobat
@: no status effects
A: sickness immunity, AC +8, negative energy resistance 1, electricity
resistance, torment resistance 1, petrification resistance
a: no special abilities


You were on level 10 of the Dungeon.
You visited 2 branches of the dungeon, and saw 11 of its levels.

You collected 537 gold pieces.


Innate Abilities, Weirdness & Mutations

You are immune to sickness and miasma.
Your stone body is resilient. (AC +8)
You are immune to poison.
You resist negative energy. (rN+)
You are resistant to electric shocks. (rElec)
You are resistant to unholy torment.
You are immune to petrification.


   Skills:
 - Level 7.2 Fighting
 - Level 10.1 Axes
 - Level 2.4 Throwing
 - Level 6.0 Armour
 - Level 1.0 Dodging
 + Level 12.9 Shields


You had 10 spell levels left.
You didn't know any spells.
Your spell library was empty.

Inventory:

Hand Weapons
 a - the +3 broad axe of Xaiptieb (weapon) {heavy, SInv}
   (You acquired it on level 1 of the Dungeon)

   SInv:      It lets you see invisible.
 g - a +0 war axe
 v - a +3 morningstar
Missiles
 e - 2 silver boomerangs (quivered)
 u - 4 boomerangs
Armour
 c - a +2 pair of gloves (worn)
 j - a +0 plate armour (worn)
 k - +0 acid dragon scales
 m - a +0 tower shield (worn)
 p - a +2 hat (worn)
Jewellery
 b - the ring of Qofet (left hand) {Contam Will+ rCorr Int+3}
   (You acquired it on level 1 of the Dungeon)

   [ring of resist corrosion]

   Int:       It affects your intelligence (+3).
   Contam:    It causes magical contamination when unequipped.
   rCorr:     It protects you from acid and corrosion.
   Will:      It increases your willpower.
 t - an amulet of the acrobat (around neck)
Wands
 n - a wand of digging (7)
Scrolls
 i - a scroll of identify
Potions
 d - 4 potions of might
 f - a potion of cancellation
 h - a potion of enlightenment
 o - a potion of magic
 q - 2 potions of resistance
 r - 2 potions of curing
 s - a potion of attraction

Dungeon Overview and Level Annotations

Branches:
Dungeon (10/15)            Temple (1/1) D:4            Lair (0/5) D:10
    Orc (0/2) D:9

Altars:
Ashenzari
Cheibriados
Elyvilon
Fedhas
Gozag
Hepliaklqana
Kikubaaqudgha
Makhleb
Qazlal
Ru
Sif Muna
Uskayaw
Vehumet
Wu Jian
Xom
Yredelemnul
Zin
The Shining One

Shops:
D:6 *


Message History

You block the death yak's attack.
You slice the death yak!!
You kill the death yak!
A shadow comes into view.
The death yak gores you but does no damage.
You hit the death yak but do no damage.
The shadow slips into darkness.
The shadow flickers and vanishes for a moment.
The death yak gores you but does no damage.
The death yak barely misses you.
You slice the death yak!!
The death yak is moderately wounded.
The death yak gores you! You block the death yak's attack.
You slice the death yak like a ripe choko!!!
The death yak is almost dead.
The death yak gores you but does no damage.
You slice the death yak!!
You kill the death yak!
You block the death yak's attack.
A wraith comes into view.
You slash the death yak!
The death yak is moderately wounded.
You block the death yak's attack.
The death yak gores you but does no damage.
You slash the death yak!
The death yak is moderately wounded.
You block the death yak's attack. x2
You hit the death yak.
The death yak is moderately wounded.
You block the death yak's attack.
You slash the death yak!
The death yak is heavily wounded.
The death yak gores you! You block the death yak's attack.
You barely miss the death yak.
The death yak is heavily wounded.
You block the death yak's attack. The death yak gores you.
You slice the death yak!!
The death yak is severely wounded.
The death yak gores you!!
You die...

#... .......
..#. .......
>.... .......
.....# ..(....
......# .......
Y..Y.WY#.......
Y....YYY.......
#Y# #@# #<# #.#
#.# #(# #.# #.#
###


You could see 3 death yaks, a yak and a shadow (invisible).

Vanquished Creatures
  2 death yaks (D:10)
  Joseph (D:9)
  5 unseen horror zombies (D:9)
  4 yaks (D:9)
  Sigmund (D:2)
  2 wyverns (D:7)
  2 steam dragons
  Menkaure (D:5)
  2 acid dragons (D:9)
  3 wargs (D:9)
  2 water moccasins
  Duvessa (D:5)
  An orc warrior (D:9)
  4 black bears
  3 ice beasts
  A hornet zombie (D:9)
  3 centaurs
  4 phantoms
  2 gnoll sergeants
  4 bullfrogs
  A wyvern zombie (D:9)
  2 scorpions
  13 wights
  Dowan (D:5)
  12 killer bees
  2 electric eels
  3 howler monkeys (D:8)
  3 hounds
  2 gnoll boudas
  5 orc priests
  4 centaur zombies (D:9)
  2 jellies (D:6)
  A sleepcap (D:6)
  4 iguanas
  Ijyb (D:4)
  Terence (D:2)
  5 orc wizards
  3 howler monkey zombies (D:9)
  20 gnolls
  9 adders
  3 shadow imps
  2 white imps
  3 ufetubi
  3 worms
  26 orcs
  8 ball pythons
  8 bats
  10 endoplasms
  6 giant cockroaches
  3 goblins
  8 hobgoblins
  8 jackals
  9 kobolds
  7 quokkas
  4 frilled lizards (D:1)
  6 rats
256 creatures vanquished.

Notes
Turn   | Place    | Note
-------+----------+-------------------------------------------
     0 | D:1      | qw the Gargoyle Fighter began the quest for the Orb.
     0 | D:1      | Reached XP level 1. HP: 14/14 MP: 1/1
     0 | D:1      | 0 ||| qw: Version: 0.3-a-26-gee661ec
     0 | D:1      | 0 ||| qw: Game counter: 7294
     0 | D:1      | 0 ||| qw: Melee chars always use a shield: true
     0 | D:1      | 0 ||| qw: God list: Okawaru
     0 | D:1      | 0 ||| qw: Allow faded altars: false
     0 | D:1      | 0 ||| qw: Do Orc after clearing Dungeon:15 true
     0 | D:1      | 0 ||| qw: Do second Lair branch before Depths: true
     0 | D:1      | 0 ||| qw: Lair rune preference: random
     0 | D:1      | 0 ||| qw: Goals: Normal, Zot:1-4, Slime:5, God:TSO, Crypt,
                  | Tomb, Abyss, Pan, Hells, Win
     0 | D:1      | 0 ||| PLANNING D:1-11
   211 | D:1      | Reached XP level 2. HP: 16/19 MP: 2/2
   268 | D:1      | Found a faded altar of an unknown god.
   544 | D:1      | 544 ||| Stepping ~*~*~tactically~*~*~ (stealth).
   555 | D:1      | Reached skill level 3 in Axes
   576 | D:1      | Reached XP level 3. HP: 23/23 MP: 3/3
   669 | D:1      | 669 ||| Stepping ~*~*~tactically~*~*~ (hiding).
  1148 | D:1      | 1148 ||| UPGRADING to +0 plate armour.
  1158 | D:1      | 1158 ||| DROPPING +0 scale mail.
  1159 | D:1      | 1159 ||| READING 2 scrolls labelled QIEHEU QODUOT.
  1159 | D:1      | Identified 2 scrolls of acquirement
  1159 | D:1      | 1159 ||| ACQUIRING ring of Qofet {Contam Will+ rCorr Int+3}
  1159 | D:1      | Acquired the ring of Qofet {Contam Will+ rCorr Int+3}
  1160 | D:1      | 1160 ||| READING scroll of acquirement.
  1160 | D:1      | 1160 ||| ACQUIRING +3 broad axe of Xaiptieb {heavy, SInv}
  1160 | D:1      | Acquired the +3 broad axe of Xaiptieb {heavy, SInv}
  1162 | D:1      | 1162 ||| SWAPPING to +3 broad axe of Xaiptieb {heavy,
                  | SInv}.
  1163 | D:1      | 1163 ||| UPGRADING to ring of Qofet {Contam Will+ rCorr
                  | Int+3}.
  1164 | D:1      | 1164 ||| READING 4 scrolls labelled GEUMOSIPACK.
  1165 | D:1      | 1165 ||| READING scroll labelled LUFIOCL FIOC.
  1166 | D:1      | 1166 ||| READING scroll labelled USIASTR TODYFI.
  1167 | D:1      | 1167 ||| DRINKING 2 dark potions.
  1272 | D:1      | 1272 ||| DROPPING potion of berserk rage.
  1442 | D:2      | Found a glowing silver altar of Zin.
  1620 | D:2      | Reached XP level 4. HP: 28/28 MP: 4/4
  1738 | D:2      | Noticed Sigmund
  1746 | D:2      | Killed Sigmund
  1747 | D:2      | Reached XP level 5. HP: 32/32 MP: 5/5
  1748 | D:2      | Noticed Terence
  1759 | D:2      | Killed Terence
  1760 | D:2      | Reached XP level 6. HP: 36/38 MP: 6/6
  1997 | D:2      | 1997 ||| READING 3 scrolls labelled WUGA LECZU.
  1998 | D:2      | 1998 ||| READING scroll labelled ILEFOSO NUITIPS.
  2002 | D:2      | 2002 ||| READING scroll labelled LUITRO XUPPUOCW.
  2003 | D:2      | 2003 ||| READING scroll labelled GAOCOC WEFOFET.
  2004 | D:2      | 2004 ||| READING scroll labelled KIUC BEDGHARCH.
  2005 | D:2      | 2005 ||| READING 4 scrolls of identify.
  2005 | D:2      | 2005 ||| IDENTIFYING clear potion
  2006 | D:2      | 2006 ||| READING 3 scrolls of identify.
  2006 | D:2      | 2006 ||| IDENTIFYING bubbling pink potion
  2007 | D:2      | 2007 ||| READING 2 scrolls of identify.
  2007 | D:2      | 2007 ||| IDENTIFYING lumpy black potion
  2008 | D:2      | 2008 ||| DROPPING 2 scrolls of vulnerability.
  2023 | D:3      | Found a stormy altar of Qazlal.
  2030 | D:3      | Found a blossoming altar of Fedhas.
  2036 | D:3      | 2036 ||| Stepping ~*~*~tactically~*~*~ (hiding).
  2150 | D:3      | 2150 ||| Stepping ~*~*~tactically~*~*~ (stealth).
  2540 | D:3      | 2540 ||| READING 2 scrolls of identify.
  2540 | D:3      | 2540 ||| IDENTIFYING cyan potion
  2583 | D:4      | 2583 ||| PLANNING SEWER
  2621 | D:4      | Noticed Ijyb
  2633 | D:4      | Killed Ijyb
  2768 | D:4      | Reached skill level 6 in Axes
  2954 | D:4      | Reached XP level 7. HP: 37/43 MP: 7/7
  3276 | D:4      | 3276 ||| RIP SEWER
  3330 | D:4      | 3330 ||| PLANNING D:1-11
  3682 | D:4      | Found a staircase to the Ecumenical Temple.
  3683 | D:4      | 3683 ||| PLANNING TEMPLE
  3683 | D:4      | 3683 ||| UPGRADING to +0 tower shield.
  3693 | D:4      | 3693 ||| DROPPING +0 buckler.
  3694 | D:4      | 3694 ||| READING scroll labelled LUDOCR RIESI.
  3795 | D:4      | 3795 ||| READING scroll labelled JIUMOR WAMP.
  3796 | D:4      | 3796 ||| READING scroll labelled UPNARE DEBEOLA.
  3797 | D:4      | 3797 ||| READING 2 scrolls of identify.
  3797 | D:4      | 3797 ||| IDENTIFYING purple potion
  3806 | Temple   | Entered the Ecumenical Temple
  3905 | Temple   | 3905 ||| PLANNING D:1-11
  3975 | D:5      | Entered Level 5 of the Dungeon
  3984 | D:5      | Noticed Duvessa
  3986 | D:5      | 3986 ||| Stepping ~*~*~tactically~*~*~ (stealth).
  3988 | D:5      | 3988 ||| Stepping ~*~*~tactically~*~*~ (stealth).
  3989 | D:5      | 3989 ||| Stepping ~*~*~tactically~*~*~ (stealth).
  3995 | D:5      | Noticed Dowan
  4004 | D:5      | Reached skill level 4 in Shields
  4004 | D:5      | Killed Duvessa
  4008 | D:5      | Killed Dowan
  4009 | D:5      | Reached skill level 5 in Shields
  4042 | D:5      | 4042 ||| FLEEEEING.
  4046 | D:5      | 4046 ||| STAIRDANCE
  4089 | D:5      | 4089 ||| Stepping ~*~*~tactically~*~*~ (stealth).
  4134 | D:5      | Reached skill level 6 in Shields
  4134 | D:5      | Reached XP level 8. HP: 37/48 MP: 8/8
  4264 | D:5      | 4264 ||| Stepping ~*~*~tactically~*~*~ (hiding).
  4282 | D:5      | Noticed Menkaure
  4284 | D:5      | 4284 ||| Stepping ~*~*~tactically~*~*~ (hiding).
  4286 | D:5      | 4286 ||| Stepping ~*~*~tactically~*~*~ (hiding).
  4297 | D:5      | Killed Menkaure
  4298 | D:5      | Reached skill level 7 in Shields
  4327 | D:5      | 4327 ||| FLEEEEING.
  4328 | D:5      | 4328 ||| FLEEEEING.
  4331 | D:5      | 4331 ||| FLEEEEING.
  4332 | D:5      | 4332 ||| FLEEEEING.
  4333 | D:5      | 4333 ||| FLEEEEING.
  4334 | D:5      | 4334 ||| FLEEEEING.
  4335 | D:5      | 4335 ||| FLEEEEING.
  4336 | D:5      | 4336 ||| FLEEEEING.
  4337 | D:5      | 4337 ||| FLEEEEING.
  4338 | D:5      | 4338 ||| FLEEEEING.
  4339 | D:5      | 4339 ||| FLEEEEING.
  4340 | D:5      | 4340 ||| FLEEEEING.
  4341 | D:5      | 4341 ||| FLEEEEING.
  4342 | D:5      | 4342 ||| FLEEEEING.
  4343 | D:5      | 4343 ||| FLEEEEING.
  4344 | D:5      | 4344 ||| FLEEEEING.
  4345 | D:5      | 4345 ||| FLEEEEING.
  4346 | D:5      | 4346 ||| FLEEEEING.
  4348 | D:5      | 4348 ||| FLEEEEING.
  4350 | D:5      | 4350 ||| FLEEEEING.
  4351 | D:5      | 4351 ||| FLEEEEING.
  4352 | D:5      | 4352 ||| FLEEEEING.
  4353 | D:5      | 4353 ||| STAIRDANCE
  4388 | D:4      | 4388 ||| UPGRADING to +0 pair of gloves.
  4435 | D:5      | 4435 ||| Stepping ~*~*~tactically~*~*~ (stealth).
  4474 | D:5      | Found a hide-covered altar of Uskayaw.
  4592 | D:5      | Reached skill level 8 in Shields
  4595 | D:5      | 4595 ||| Stepping ~*~*~tactically~*~*~ (stealth).
  4597 | D:5      | 4597 ||| Stepping ~*~*~tactically~*~*~ (stealth).
  4641 | D:5      | 4641 ||| Stepping ~*~*~tactically~*~*~ (stealth).
  4683 | D:5      | 4683 ||| DROPPING +0 whip.
  4756 | D:5      | 4756 ||| UPGRADING to +1 hat.
  4761 | D:5      | 4761 ||| UPGRADING to amulet of the acrobat.
  4766 | D:5      | 4766 ||| DRINKING 2 fizzy sapphire potions.
  4819 | D:6      | Reached skill level 9 in Shields
  4975 | D:6      | Reached XP level 9. HP: 52/52 MP: 9/9
  5071 | D:6      | 5071 ||| DROPPING +0 mace.
  5088 | D:6      | Found an opulent altar of Gozag.
  5101 | D:6      | Reached skill level 10 in Shields
  5212 | D:6      | Found Gozag's Platinum Reserve.
  5225 | D:6      | 5225 ||| SHOPLISTING ring of Ixiguipp {AC+4 Int+2} (4720
                  | gold, have 357).
  5312 | D:6      | Found a sacrificial altar of Ru.
  5392 | D:6      | 5392 ||| DROPPING ring of magical power.
  5393 | D:6      | 5393 ||| READING 2 scrolls labelled TOCZIT URYD.
  5394 | D:6      | 5394 ||| READING scroll of enchant armour.
  5394 | D:6      | 5394 ||| ENCHANTING +0 pair of gloves.
  5395 | D:6      | 5395 ||| READING 2 scrolls of identify.
  5395 | D:6      | 5395 ||| IDENTIFYING green potion
  5396 | D:6      | 5396 ||| DROPPING potion of ambrosia.
  5465 | D:7      | 5465 ||| Stepping ~*~*~tactically~*~*~ (hiding).
  5467 | D:7      | 5467 ||| Stepping ~*~*~tactically~*~*~ (hiding).
  5474 | D:7      | 5474 ||| Stepping ~*~*~tactically~*~*~ (hiding).
  5475 | D:7      | 5475 ||| Stepping ~*~*~tactically~*~*~ (hiding).
  5488 | D:7      | Reached skill level 1 in Dodging
  5495 | D:7      | HP: 13/52 [gnoll/+0 halberd of venom[a gnoll sergeant] (9)]
  5496 | D:7      | 5496 ||| READING 3 scrolls of teleportation.
  5499 | D:7      | 5499 ||| READING 2 scrolls of teleportation.
  5500 | D:7      | 5500 ||| DRINKING 4 potions of heal wounds.
  5527 | D:7      | 5527 ||| Stepping ~*~*~tactically~*~*~ (stealth).
  5528 | D:7      | 5528 ||| Stepping ~*~*~tactically~*~*~ (stealth).
  5559 | D:7      | 5559 ||| Stepping ~*~*~tactically~*~*~ (stealth).
  5560 | D:7      | 5560 ||| Stepping ~*~*~tactically~*~*~ (stealth).
  5636 | D:7      | Reached skill level 1 in Throwing
  5678 | D:7      | 5678 ||| READING scroll of enchant armour.
  5678 | D:7      | 5678 ||| ENCHANTING +1 pair of gloves.
  5701 | D:7      | Found a broken altar of Ashenzari.
  6155 | D:7      | Found a shimmering altar of Xom.
  6155 | D:7      | Found a glowing golden altar of the Shining One.
  6226 | D:7      | 6226 ||| Stepping ~*~*~tactically~*~*~ (hiding).
  6227 | D:7      | 6227 ||| Stepping ~*~*~tactically~*~*~ (hiding).
  6228 | D:7      | 6228 ||| Stepping ~*~*~tactically~*~*~ (hiding).
  6229 | D:7      | 6229 ||| Stepping ~*~*~tactically~*~*~ (hiding).
  6230 | D:7      | 6230 ||| Stepping ~*~*~tactically~*~*~ (hiding).
  6231 | D:7      | 6231 ||| Stepping ~*~*~tactically~*~*~ (hiding).
  6233 | D:7      | 6233 ||| Stepping ~*~*~tactically~*~*~ (hiding).
  6419 | D:7      | 6419 ||| Stepping ~*~*~tactically~*~*~ (hiding).
  6839 | D:7      | 6839 ||| DRINKING 2 blue potions.
  6840 | D:7      | 6840 ||| READING 2 scrolls of identify.
  6840 | D:7      | 6840 ||| IDENTIFYING golden potion
  6841 | D:7      | 6841 ||| DROPPING potion of brilliance.
  6893 | D:8      | Reached XP level 10. HP: 55/59 MP: 10/10
  6894 | D:8      | Reached skill level 11 in Shields
  6901 | D:8      | 6901 ||| STAIRDANCE
  6979 | D:8      | 6979 ||| STAIRDANCE
  6988 | D:7      | HP: 13/60 [killer bee (5)]
  6989 | D:7      | 6989 ||| READING scroll of teleportation.
  6990 | D:7      | 6990 ||| DRINKING 3 potions of heal wounds.
  7095 | D:7      | Reached skill level 6 in Fighting
  7392 | D:8      | 7392 ||| READING scroll labelled IFAFOUSM XAPY.
  7393 | D:8      | 7393 ||| READING 2 scrolls of identify.
  7393 | D:8      | 7393 ||| IDENTIFYING fuming clear potion
  7394 | D:8      | 7394 ||| DROPPING potion of degeneration.
  7716 | D:9      | HP: 15/60 [warg (10)]
  7717 | D:9      | 7717 ||| DRINKING 2 potions of heal wounds.
  7720 | D:9      | Reached skill level 9 in Axes
  7721 | D:9      | HP: 14/60 [killer bee (3)]
  7722 | D:9      | 7722 ||| DRINKING potion of heal wounds.
  7733 | D:9      | 7733 ||| Stepping ~*~*~tactically~*~*~ (stealth).
  7812 | D:9      | 7812 ||| Stepping ~*~*~tactically~*~*~ (stealth).
  7884 | D:9      | Found a staircase to the Orcish Mines.
  7937 | D:9      | 7937 ||| Stepping ~*~*~tactically~*~*~ (hiding).
  7991 | D:9      | Noticed Joseph
  8000 | D:9      | Killed Joseph
  8004 | D:9      | Reached skill level 12 in Shields
  8041 | D:9      | Reached XP level 11. HP: 49/67 MP: 11/11
  8134 | D:9      | Reached skill level 6 in Armour
  8159 | D:9      | Found a white marble altar of Elyvilon.
  8192 | D:9      | 8192 ||| Stepping ~*~*~tactically~*~*~ (stealth).
  8193 | D:9      | 8193 ||| Stepping ~*~*~tactically~*~*~ (stealth).
  8223 | D:9      | 8223 ||| DROPPING +0 flail.
  8430 | D:9      | 8430 ||| DROPPING +4 flail of freezing.
  8487 | D:9      | 8487 ||| READING scroll of enchant armour.
  8487 | D:9      | 8487 ||| ENCHANTING +1 hat.
  8501 | D:9      | 8501 ||| Stepping ~*~*~tactically~*~*~ (hiding).
  8788 | D:9      | Found a shimmering blue altar of Sif Muna.
  8827 | D:10     | Entered Level 10 of the Dungeon
  8829 | D:10     | Found a staircase to the Lair.
  8829 | D:10     | Noticed a death yak
  8829 | D:10     | Noticed a death yak
  8829 | D:10     | Noticed a death yak
  8830 | D:10     | 8830 ||| Stepping ~*~*~tactically~*~*~ (stealth).
  8835 | D:10     | Noticed a death yak
  8838 | D:10     | Noticed a death yak
  8841 | D:10     | Killed a death yak
  8845 | D:10     | Killed a death yak
  8850 | D:10     | HP: 15/67 [death yak (3)]
  8851 | D:10     | Slain by a death yak

Levels and vault maps discovered:
D:1:      minmay_arrival_doors, layout_basic, serial_curves, eino_curves_02,
          eino_curves_02, shapermc_ecumenical_altar_pompeii
D:2:      layout_basic, basic_altar, corexii_item_surrounded_by_moat,
          serial_bayou_pond_a, uniq_terence, uniq_sigmund
D:3:      layout_basic, grunt_temple_overflow_forces_of_nature
D:4:      layout_loops_ring, temple_hall, serial_bayou, serial_bayou_lagoon_b,
          serial_bayou_lake_a, serial_bayou_pond_d, serial_bayou_shore_b,
          gup_sewer_entry_bubbles, grunt_ministairs_7, uniq_ijyb
D:5:      layout_cave_pools, mainiacjoe_overflow_six_doors_small, uniq_duvessa,
          uniq_menkaure
D:6:      layout_basic, nicolae_ru_sacrificial_ziggurat,
          nicolae_gozag_zags_fifth_avenue, minmay_misc_feat_secret_circle
D:7:      layout_layer_cave, nicolae_overflow_hidden_temple,
          gammafunk_temple_overflow_elements, serial_bayou_crossing
D:8:      layout_cave_pools, serial_bayou, serial_bayou_shore_b,
          serial_bayou_pond_e, serial_bayou_shore_b, serial_bayou_pond_c
D:9:      layout_long_grid, nicolae_overflow_crystal_walls, tgw_sif,
          minmay_orc_entry_guard_dogs, serial_undead, serial_undead_b,
          serial_undead_f, serial_undead_c, serial_undead_f, serial_undead_f,
          serial_undead_a, minivault_23, amcnicky_mini_rare_corridor_liquid,
          uniq_joseph
D:10:     layout_small_grid, grunt_temple_overflow_open, dpeg_lair_monsters,
          dk_noncrumbling_4, corexii_corridor_pit, minmay_rotating_lava,
          uniq_erolcha, uniq_snorg
Temple:   hellmonk_temple_beads

Skill      XL: |  1  2  3  4  5  6  7  8  9 10 11 |
---------------+----------------------------------+-----
Axes           | 2 3 5 6 8 9 10 | 10.1
Fighting       | 4 5 7 |  7.2
Shields        | 6 9 10 12 | 12.9
Dodging        | 1 |  1.0
Armour         | 4 5 6 |  6.0
Throwing       | 1 2 |  2.4

Action                     |  1- 3 |  4- 6 |  7- 9 | 10-12 || total
---------------------------+-------+-------+-------+-------++-------
  Melee: War axe           |    83 |       |       |       ||    83
         Broad axe         |    22 |    96 |   211 |   190 ||   519
  Throw: Boomerang         |       |     7 |    62 |    58 ||   127
    Use: Scroll            |     5 |     9 |    11 |     4 ||    29
         Potion            |     1 |       |     3 |     3 ||     7
 Armour: Scale mail        |    34 |       |       |       ||    34
         Plate armour      |    12 |    91 |   232 |   335 ||   670
  Dodge: Dodged            |    41 |    29 |    66 |    84 ||   220
  Block: Buckler           |    23 |    24 |    12 |       ||    59
         Tower shield      |       |       |   217 |   321 ||   538

Table legend:
 A = Non-vault XP
 B = Vault XP
 C = Vault XP percentage of total XP
 D = Non-vault monster count
 E = Vault monster count
 F = Vault count percentage of total count
                 A         B        C        D         E       F
            +---------+---------+-------+---------+---------+-------
      Total |    7652 |    6104 |  44.4 |     212 |      44 |  17.2
            +---------+---------+-------+---------+---------+-------
        D:1 |      46 |       0 |   0.0 |      30 |       0 |   0.0
        D:2 |      44 |     250 |  85.0 |      18 |       2 |  10.0
        D:3 |      45 |       0 |   0.0 |      13 |       0 |   0.0
        D:4 |     261 |      93 |  26.3 |      21 |      11 |  34.4
        D:5 |     943 |     383 |  28.9 |      29 |       3 |   9.4
        D:6 |     562 |       0 |   0.0 |      14 |       0 |   0.0
        D:7 |    1957 |       0 |   0.0 |      27 |       0 |   0.0
        D:8 |    1437 |       0 |   0.0 |      29 |       0 |   0.0
        D:9 |    2357 |    3772 |  61.5 |      31 |      26 |  45.6
       D:10 |       0 |    1606 | 100.0 |       0 |       2 | 100.0
            +---------+---------+-------+---------+---------+-------
